 Dungeon Crawl Stone Soup version 0.29.1-15-g9cfb28693d (webtiles) character file.

Game seed: 10904384264024466165

2 Ast3rio the Stinger (level 1, 0/10 HPs)
             Began as a Deep Elf Venom Mage on Mar 9, 2023.
             Slain by a goblin
             ... wielding a +0 club
              (2 damage)
             ... on level 1 of the Dungeon.
             The game lasted 00:00:52 (273 turns).

Ast3rio the Stinger (Deep Elf Venom Mage)            Turns: 273, Time: 00:00:53

Health: 0/10       AC:  2    Str:  5    XL:     1   Next: 25%
Magic:  6/6        EV: 12    Int: 19    God:
Gold:   22         SH:  0    Dex: 15    Spells: 5/6 levels left

rFire   . . .      SeeInvis .   (no weapon)
rCold   . . .      Faith    .   (no shield)
rNeg    . . .      Spirit   .   a - +0 robe
rPois   .          Reflect  .   (no helmet)
rElec   .          Harm     .   (no cloak)
rCorr   .          Rampage  .   (no gloves)
Will    .....                   (no boots)
Stlth   ++........              (no amulet)
HPRegen 0.03/turn               (no ring)
MPRegen 0.10/turn               (no ring)

@: no status effects
A: no striking features
a: no special abilities


You were on level 1 of the Dungeon.
You visited 1 branch of the dungeon, and saw 1 of its levels.

You collected 22 gold pieces.

Inventory:

Armour
 a - a +0 robe (worn)
Scrolls
 c - a scroll of acquirement {unknown}
 d - a scroll of identify {unknown}
 e - a scroll of amnesia {unknown}
Potions
 b - a potion of magic


   Skills:
 + Level 2.5 Dodging
 + Level 2.4 Stealth
 + Level 3.1 Spellcasting
 + Level 1.1 Transmutations
 + Level 3.2 Poison Magic


You had 5 spell levels left.
You knew the following spells:

 Your Spells              Type           Power      Damage    Failure   Level
a - Sting                 Tmut/Pois      44%        1d5       6%          1

Your spell library contained the following spells:

 Spells                   Type           Power      Damage    Failure   Level
 Poisonous Vapours        Pois/Air       18%        N/A       12%         2
 Mephitic Cloud           Conj/Pois/Air  7%         N/A       28%         3
 Olgreb's Toxic Radiance  Pois           15%        N/A       36%         4


Dungeon Overview and Level Annotations

Branches:
Dungeon (1/15)

Altars:


Message History

Found 5 stones.
Found a stone staircase leading down.
e - a scroll labelled ICRERO COGE
Found a dagger.
You now have 22 gold pieces (gained 11).
A bat comes into view.
A goblin comes into view. It is wielding a +0 club.
Found 7 stones.
The goblin shouts!
The goblin hits you with a +0 club.
You closely miss the bat. The bat barely misses you. The goblin misses you.
You barely miss the bat. The bat barely misses you.
The goblin hits you with a +0 club.
You hit the goblin but do no damage. The bat barely misses you.
The bat hits you. The goblin hits you with a +0 club.
You are too injured to fight recklessly!
You are too injured to fight recklessly!
You are too injured to fight recklessly!
You are too injured to fight recklessly!
You are too injured to fight recklessly!
You are too injured to fight recklessly!
You are too injured to fight recklessly!
You are too injured to fight recklessly!
You are too injured to fight recklessly!
You are too injured to fight recklessly!
You are too injured to fight recklessly!
You are too injured to fight recklessly!
You are too injured to fight recklessly!
You are too injured to fight recklessly!
You are too injured to fight recklessly!
You are too injured to fight recklessly!
You are too injured to fight recklessly!
You are too injured to fight recklessly!
The bat closely misses you. The goblin hits you with a +0 club.
* * * LOW HITPOINT WARNING * * *
You hit the goblin but do no damage. The bat hits you but does no damage.
The goblin hits you but does no damage.
You completely miss the goblin. The bat barely misses you.
The goblin hits you with a +0 club.
You die...

#.# ###.#####.#
.....)....#
#...####### #.### #.#
########### #.#
#.......... #.#
#.b.....# #.#
#####..@....#
#.########......g....#
#.......##.###.......#
#######.##.# #.......#
#.##.# #...(...#
#.##.# #########
#....# ######


You could see a goblin and a bat.

Vanquished Creatures
  A ball python (D:1)
  A rat (D:1)
2 creatures vanquished.

Notes
Turn   | Place    | Note
-------+----------+-------------------------------------------
     0 | D:1      | Ast3rio the Deep Elf Venom Mage began the quest for the
                  | Orb.
     0 | D:1      | Reached XP level 1. HP: 10/10 MP: 6/6
   273 | D:1      | Slain by a goblin

Illustrated notes

Levels and vault maps discovered:
D:1:      mrwooster_arrival_statue_2, layout_loops_ring,
          shapermc_ecumenical_altar_mp_urbaneastern

Action                   || total
-------------------------++-------
Melee: Unarmed           ||     5
 Cast: Sting             ||     3
Armor: Robe              ||     2
Dodge: Dodged            ||     6
